 Dungeon Crawl Stone Soup version 0.25.1-2-g60ff931df9 (webtiles) character file.

Game seed: 411192125708247700

64918 Revguard the Fencer (level 14, -9/111 HPs)
             Began as a Demonspawn Gladiator on Aug 13, 2020.
             Was a High Priest of Okawaru.
             Mangled by a deep elf blademaster
             ... wielding a +2 rapier of venom
              (16 damage)
             ... on level 2 of the Elven Halls on Aug 14, 2020.
             The game lasted 01:45:25 (23473 turns).

Revguard the Fencer (Demonspawn Gladiator)         Turns: 23473, Time: 01:45:25

Health: -9/111     AC: 13    Str: 26    XL:     14   Next: 73%
Magic:  17/23      EV: 23    Int:  5    God:    Okawaru [*****.]
Gold:   371        SH:  0    Dex: 21    Spells: 13/13 levels left

rFire    . . .     SeeInvis +   m - +5 great sword
rCold    . . .     Gourm    .   (shield currently unavailable)
rNeg     + . .     Faith    .   H - +1 troll leather armour
rPois    .         Spirit   .   L - +1 hat of Guibocw {Str+5}
rElec    +         Reflect  .   (no cloak)
rCorr    .         Harm     .   P - +0 pair of gloves {Dex+3}
MR       ++...     Clarity  +   (no boots)
Stlth    ++........             z - amulet of regeneration
HPRegen  1.08/turn              R - ring "Ynkag" {rElec Str+6 Int-4 SInv Stlth-}
MPRegen  0.18/turn              w - +4 ring of protection

@: about to teleport, heroism, finesse
A: antennae 2, claws 1, hooves 2, clarity, demonic guardian 2, dopey 1, foul
stench 1, magic resistance 1, negative energy resistance 1, 50% torment
resistance, rot immunity
a: Heroism, Finesse, Renounce Religion


You were on level 2 of the Elven Halls.
You worshipped Okawaru.
Okawaru was extremely pleased with you.
You were not hungry.

You visited 4 branches of the dungeon, and saw 20 of its levels.
You also visited: Sewer and Ossuary.

You collected 1833 gold pieces.
You spent 1462 gold pieces at shops.

Inventory:

Hand Weapons
 m - a +5 great sword (weapon)
 y - a +4 great sword of flaming
Missiles
 e - 8 silver javelins (quivered)
 g - 40 poisoned darts
 h - 50 boomerangs
 E - 3 curare-tipped darts
Armour
 u - a +1 hat of magic resistance
 H - a +1 troll leather armour (worn)
 L - the +1 hat of Guibocw (worn) {Str+5}
   (You found it on level 1 of the Orcish Mines)

   It affects your strength (+5).
 P - a +0 pair of gloves of dexterity (worn)
Jewellery
 l - an uncursed amulet of the acrobat
 q - an uncursed ring of ice
 r - an uncursed ring of poison resistance
 w - a +4 ring of protection (right hand)
 z - an amulet of regeneration (around neck)
 N - a cursed ring of ice
 R - the ring "Ynkag" (left hand) {rElec Str+6 Int-4 SInv Stlth-}
   (You bought it in a shop on level 2 of the Orcish Mines)

   [ring of attention]

   It affects your strength (+6).
   It affects your intelligence (-4).
   It insulates you from electricity.
   It lets you see invisible.
   It makes you less stealthy.
Wands
 b - a wand of acid (1)
 t - a wand of random effects (24)
 v - a wand of flame (44)
 B - a wand of polymorph (16)
 I - a wand of digging (1)
 J - a wand of enslavement (4)
 K - a wand of iceblast (4)
 O - a wand of paralysis (5)
Scrolls
 j - 3 scrolls of teleportation
 k - 12 scrolls of remove curse
 n - 6 scrolls of amnesia
 x - 3 scrolls of noise
 A - 8 scrolls of magic mapping
 C - a scroll of fear
 G - 2 scrolls of immolation
 S - a scroll of identify
Potions
 c - 4 potions of stabbing
 d - 2 potions of might
 i - 5 potions of mutation
 o - 2 potions of haste
 p - 5 potions of flight
 s - 5 potions of curing
 D - a potion of resistance
 F - 3 potions of lignification
Comestibles
 a - 9 chunks of flesh
 f - 25 rations


   Skills:
 + Level 10.4(15.4) Fighting
 + Level 15.0(20.0) Long Blades
 + Level 2.1(7.1) Throwing
 + Level 7.0(12.0) Armour
 + Level 7.8(12.8) Dodging
 * Level 12.6 Invocations
 * Level 10.3 Evocations


You had 13 spell levels left.
You didn't know any spells.
Your spell library contained the following spells:

 Spells                   Type           Power        Failure   Level  Hunger
 Corona                   Hex            #......      52%         1    ##.....
 Foxfire                  Conj/Fire      #...         52%         1    ##.....
 Magic Dart               Conj           #...         52%         1    ##.....
 Sandblast                Erth           #.....       52%         1    ##.....
 Sting                    Tmut/Pois      #...         52%         1    ##.....
 Summon Small Mammal      Summ           #...         52%         1    ##.....
 Blink                    Tloc           N/A          65%         2    ###....
 Call Imp                 Summ           #.......     65%         2    ###....
 Passwall                 Tmut/Erth      #.......     65%         2    ###....
 Poisonous Vapours        Pois/Air       #.....       65%         2    ###....
 Slow                     Hex            #.......     65%         2    ###....
 Call Canine Familiar     Summ           #.......     87%         3    ####...
 Conjure Flame            Conj/Fire      #.......     87%         3    ####...
 Ignite Poison            Fire/Tmut/Pois #.......     87%         3    ####...
 Inner Flame              Hex/Fire       #.......     87%         3    ####...
 Mephitic Cloud           Conj/Pois/Air  #.......     87%         3    ####...
 Portal Projectile        Hex/Tloc       #.....       87%         3    ####...
 Stone Arrow              Conj/Erth      #.....       87%         3    ####...
 Summon Guardian Golem    Hex/Summ       #.......     87%         3    ####...
 Cause Fear               Hex            #.........   99%         4    #####..
 Leda's Liquefaction      Hex/Erth       #.........   99%         4    #####..
 Olgreb's Toxic Radiance  Pois           #.......     99%         4    #####..
 Petrify                  Tmut/Erth      #.......     99%         4    #####..
 Sticky Flame             Conj/Fire      #.......     99%         4    #####..
 Summon Ice Beast         Ice/Summ       #.......     99%         4    #####..
 Summon Lightning Spire   Summ/Air       #.......     99%         4    #####..
 Fireball                 Conj/Fire      #.........   100%        5    ######.
 Lee's Rapid Deconstruct  Erth           #.........   100%        5    ######.
 Silence                  Hex/Air        #.........   100%        5    ######.
 Conjure Ball Lightning   Conj/Air       #.........   100%        6    #######
 Chain Lightning          Conj/Air       #.........   100%        8    #######
 Lehudib's Crystal Spear  Conj/Erth      #.........   100%        8    #######
 Absolute Zero            Ice            #.........   100%        9    #######
 Fire Storm               Conj/Fire      #.........   100%        9    #######
 Tornado                  Air            #.........   100%        9    #######


Dungeon Overview and Level Annotations

Branches:
Dungeon (15/15)            Temple (1/1) D:6            Lair (0/6) D:10
    Orc (2/2) D:11            Elf (1/3) Orc:2        Vaults (0/5) D:14
 Depths (0/5) D:15          Sewer (visited)         Ossuary (visited)

Altars:
Ashenzari
Dithmenos
Elyvilon
Gozag
Hepliaklqana
Kikubaaqudgha
Makhleb
Nemelex Xobeh
Okawaru
Qazlal
Ru
Sif Muna
Trog
Vehumet
Xom
Yredelemnul
Beogh

Shops:
D:5 :   D:8 =?   D:9 :   D:13 }   Orc:2 =:![

Annotations:
D:4 1 runed translucent door
Elf:2 5 runed translucent doors


Innate Abilities, Weirdness & Mutations

You have a pair of antennae on your head.
You have sharp fingernails.
You have hoof-like feet.
A demonic guardian rushes to your aid.
You may emit foul miasma when damaged in melee.
You resist negative energy. (rN+)
You are somewhat able to resist unholy torments (1 in 2 success).
You are immune to rotting.
You possess an exceptional clarity of mind.
You are dopey. (Int -2)
You are resistant to hostile enchantments. (MR+)


Message History

* * * LOW HITPOINT WARNING * * *
The +2 trident of venom hits you from afar.
* * * LOW HITPOINT WARNING * * *
You are lethally poisoned!
The deep elf blademaster misses you.
The deep elf blademaster completely misses you.
Your soul eater hits the +2 trident of venom!
Okay, then.
You feel better. The +2 trident of venom misses you.
The deep elf blademaster completely misses you.
The deep elf blademaster closely misses you.
The +2 battleaxe of freezing hits you!
* * * LOW HITPOINT WARNING * * *
The +2 battleaxe of freezing freezes you.
* * * LOW HITPOINT WARNING * * *
The +2 trident of venom closely misses you.
Your soul eater hits the +2 trident of venom but does no damage.
A deep elf mage comes into view. It is wielding a +0 rapier.
The deep elf blademaster hits you with a +2 rapier of venom!
You die...

##....#.......
##..........e..
#..............
#...........# ..
#.........## #..
##..........##....
##...(3.............
#...(e(.............
##...@.#...........#
##...###..........#
##..## ##........#
##....###.........##
#......#...).......#
##..................
##.................
##.....##...##...##
##.....####.## #.##


You could see a deep elf blademaster (sick), a deep elf mage, 3 dancing weapons
and a friendly soul eater (summoned).

Vanquished Creatures
  Rupert (D:12)
  An orc warlord (Orc:2)
  A stone giant (Orc:1)
  Snorg (D:13)
  Josephine (Orc:1)
  A yaktaur captain (D:15)
  A fire dragon (D:15)
  2 hydras
  A centaur warrior (D:15)
  6 dancing weapons
  2 death knights (D:13)
  The ghost of tensugalgo the Cleaver, a journeyman TeBe of Trog (Orc:1)
  A tengu warrior (D:10)
  3 orc high priests (Orc:2)
  3 deep elf knights
  4 skeletal warriors (D:13)
  5 unseen horrors
  3 orc knights
  11 deep elf magi
  5 cyclopes
  7 orc sorcerers
  8 ugly things
  A wolf spider (D:13)
  A manticore (D:12)
  A centaur zombie (D:13)
  3 kobold demonologists (D:13)
  Psyche (D:11)
  2 efreet (D:15)
  A yaktaur (D:15)
  A komodo dragon (D:15)
  A tengu conjurer (D:14)
  11 trolls
  3 meliai (D:15)
  Prince Ribbit (D:6)
  6 hippogriffs
  2 shadows
  5 wraiths
  A yak (shapeshifter) (D:15)
  13 yaks
  3 wyverns
  A fire elemental (Elf:1)
  A water elemental (D:15)
  3 hungry ghosts
  Grum (D:10)
  11 vampire mosquitoes
  A naga (shapeshifter) (D:15)
  3 wargs (Orc:2)
  An acid dragon (D:13)
  2 insubstantial wisps (D:12)
  A water moccasin (D:9)
  Duvessa (D:6)
  A swamp drake (Orc:1)
  A hornet zombie (D:13)
  4 ice beasts
  31 orc warriors
  2 sky beasts
  An eye of draining (D:13)
  An eye of draining (shapeshifter) (D:13)
  2 necrophages
  14 ogres
  6 wolves (D:10)
  A crocodile (D:13)
  6 centaurs
  7 big kobolds
  7 bullfrogs
  A wyvern zombie (D:13)
  Blork the orc (D:6)
  2 water moccasin zombies (Ossuary)
  A wyvern skeleton (D:11)
  A scorpion (D:11)
  Dowan (D:6)
  3 killer bees (D:9)
  10 wights
  4 electric eels (D:10)
  2 howler monkeys
  3 jellies
  4 crimson imps
  A bullfrog zombie (D:11)
  2 quasits
  10 hounds
  33 orc priests
  21 orc wizards
  4 bullfrog skeletons
  3 centaur skeletons
  An iron imp (Orc:1)
  6 iguanas
  10 worker ants
  2 mummies (Ossuary)
  A howler monkey zombie (D:11)
  3 spectral orcs (Orc:1)
  A howler monkey skeleton (D:10)
  13 adders
  11 river rats
  5 shadow imps
  A white imp (Orc:1)
  2 oozes
  2 orc simulacra (Orc:1)
  6 adder zombies (Ossuary)
  A worm (D:4)
  4 dart slugs
  8 leopard geckos
  101 orcs
  9 bats
  8 giant cockroaches
  8 hobgoblins
  20 jackals
  2 quokkas
  9 ball pythons
  4 frilled lizards
  15 goblins
  8 hobgoblin zombies (Ossuary)
  A jackal skeleton (D:4)
  30 kobolds
  5 kobold zombies (Ossuary)
  4 orc zombies (Ossuary)
  17 rats
661 creatures vanquished.

Vanquished Creatures (collateral kills)
  A centaur warrior (D:15)
  An orc high priest (Orc:2)
  A deep elf knight (Elf:2)
  An orc sorcerer (Orc:2)
  An orc knight (Orc:2)
  An ugly thing (D:13)
  3 centaur skeletons
  A troll (D:10)
  A hippogriff (D:10)
  The ghost of Descartes the Covert, an amateur OpEn (D:4)
  A vampire mosquito (D:14)
  A golden eye (shapeshifter) (D:15)
  An eye of draining (D:12)
  7 orc warriors (Orc:2)
  A phantom (D:10)
  An ogre (D:5)
  A wolf (D:10)
  2 bullfrogs
  4 wights
  A hound (D:8)
  3 orc priests
  3 orc wizards
  An iguana (D:12)
  Robin (D:2)
  An adder skeleton (D:9)
  13 orcs
  2 bats (D:3)
  A hobgoblin (D:2)
  A quokka (D:10)
  3 kobolds
61 creatures vanquished.

Vanquished Creatures (others)
  A deep elf mage (Elf:2)
  3 orc wizards
  3 orcs
  A plant (D:10)
8 creatures vanquished.

Grand Total: 730 creatures vanquished

Notes
Turn   | Place    | Note
-------+----------+-------------------------------------------
     0 | D:1      | Revguard the Demonspawn Gladiator began the quest for the
                  | Orb.
     0 | D:1      | Reached XP level 1. HP: 16/16 MP: 1/1
   129 | D:1      | Reached skill level 3 in Long Blades
   209 | D:1      | Gained mutation: You are immune to rotting. [demonic
                  | ancestry]
   209 | D:1      | Reached XP level 2. HP: 20/22 MP: 2/2
   901 | D:1      | Gained mutation: A weak demonic guardian rushes to your
                  | aid. [demonic ancestry]
   901 | D:1      | Reached XP level 3. HP: 18/27 MP: 3/3
  1201 | D:2      | Noticed Robin
  1209 | D:2      | Killed Robin
  1211 | D:2      | Reached skill level 1 in Armour
  1271 | D:2      | HP: 1/27 [poisoned by a goblin]
  1929 | D:2      | Found a shimmering blue altar of Sif Muna.
  2082 | D:3      | Gained mutation: You have a pair of small antennae on your
                  | head. [demonic ancestry]
  2082 | D:3      | Reached XP level 4. HP: 31/34 MP: 4/4
  2377 | D:3      | Reached skill level 4 in Long Blades
  2377 | D:3      | Gained mutation: You may emit foul miasma when damaged in
                  | melee. [demonic ancestry]
  2377 | D:3      | Reached XP level 5. HP: 18/39 MP: 5/5
  3264 | D:3      | Reached XP level 6. HP: 47/47 MP: 6/6
  3351 | D:4      | Found a runed translucent door.
  3352 | D:4      | Noticed Descartes's ghost (amateur OpEn)
  3405 | D:4      | Found a runed translucent door.
  3485 | D:4      | Killed Descartes's ghost
  3485 | D:4      | Reached skill level 5 in Long Blades
  3957 | D:4      | Reached XP level 7. HP: 39/52 MP: 7/7
  4246 | D:4      | Reached skill level 6 in Long Blades
  4525 | D:5      | Entered Level 5 of the Dungeon
  4592 | D:5      | Found a glowing drain.
  4635 | Sewer    | Entered a sewer
  4755 | Sewer    | Gained mutation: You have large cloven feet. [demonic
                  | ancestry]
  4755 | Sewer    | Reached XP level 8. HP: 33/60 MP: 8/8
  5344 | Sewer    | Reached skill level 7 in Long Blades
  5428 | Sewer    | Gained mutation: You possess an exceptional clarity of
                  | mind. [potion of mutation]
  5428 | Sewer    | Gained mutation: You are dopey. (Int -2) [potion of
                  | mutation]
  5428 | Sewer    | Gained mutation: You are resistant to hostile enchantments.
                  | (MR+) [potion of mutation]
  5821 | D:5      | Found Vylurad's Book Emporium.
  6104 | D:6      | Noticed Blork the orc
  6123 | D:6      | Reached skill level 1 in Evocations
  6165 | D:6      | Killed Blork the orc
  6262 | D:6      | Noticed Dowan
  6262 | D:6      | Noticed Duvessa
  6271 | D:6      | Killed Dowan
  6273 | D:6      | Killed Duvessa
  6482 | D:6      | Found a staircase to the Ecumenical Temple.
  6489 | D:6      | Noticed Prince Ribbit
  6493 | D:6      | Killed Prince Ribbit
  6493 | D:6      | Reached skill level 8 in Long Blades
  6497 | Temple   | Entered the Ecumenical Temple
  6516 | Temple   | Became a worshipper of Warmaster Okawaru
  6914 | D:7      | Noticed a hippogriff
  6918 | D:7      | Killed a hippogriff
  6918 | D:7      | Reached skill level 1 in Invocations
  6918 | D:7      | Gained mutation: You have sharp fingernails. [demonic
                  | ancestry]
  6918 | D:7      | Reached XP level 9. HP: 48/66 MP: 10/10
  7426 | D:7      | Found a sand-covered staircase.
  7432 | Ossuary  | Entered an ossuary
  8058 | D:7      | Reached skill level 5 in Fighting
  8450 | D:8      | Reached skill level 9 in Long Blades
  8542 | D:8      | Noticed a cyclops
  8564 | D:8      | Killed a cyclops
  8564 | D:8      | Reached * piety under Okawaru
  8730 | D:8      | Reached skill level 5 in Armour
  8824 | D:8      | Found Poirappuiz's Magic Scroll Shoppe.
  8856 | D:8      | Bought a scroll of identify for 22 gold pieces
  8856 | D:8      | Bought a scroll of identify for 22 gold pieces
  8856 | D:8      | Bought a scroll of fear for 38 gold pieces
  8856 | D:8      | Bought a scroll of enchant weapon for 82 gold pieces
  8856 | D:8      | Bought a scroll of magic mapping for 38 gold pieces
  8856 | D:8      | Bought a scroll of magic mapping for 38 gold pieces
  8870 | D:8      | Reached skill level 5 in Invocations
  9101 | D:8      | Found Fudemp's Jewellery Emporium.
  9348 | D:8      | Gained mutation: You have hoof-like feet. [demonic
                  | ancestry]
  9348 | D:8      | Reached XP level 10. HP: 68/74 MP: 13/13
  9869 | D:9      | Reached ** piety under Okawaru
  9949 | D:9      | Found Irunel Qeha's Book Emporium.
 10493 | D:10     | Entered Level 10 of the Dungeon
 10689 | D:10     | Noticed Grum
 10690 | D:10     | Found a white marble altar of Elyvilon.
 10712 | D:10     | Reached skill level 10 in Long Blades
 10716 | D:10     | Killed Grum
 10716 | D:10     | Reached *** piety under Okawaru
 10728 | D:10     | HP: 2/76 [electric eel/bolt of electricity (11)]
 10925 | D:10     | Reached skill level 5 in Evocations
 10975 | D:10     | Reached skill level 5 in Dodging
 11070 | D:10     | Noticed a tengu warrior
 11083 | D:10     | Killed a tengu warrior
 11426 | D:10     | Reached **** piety under Okawaru
 11787 | D:10     | Found a staircase to the Lair.
 12384 | D:10     | Gained mutation: You resist negative energy. (rN+) [demonic
                  | ancestry]
 12384 | D:10     | Reached XP level 11. HP: 63/82 MP: 16/16
 13196 | D:11     | Noticed Psyche
 13205 | D:11     | Killed Psyche
 13268 | D:11     | Noticed a brown ugly thing
 13279 | D:11     | Killed a brown ugly thing
 13279 | D:11     | Reached ***** piety under Okawaru
 13468 | D:11     | Reached skill level 11 in Long Blades
 13651 | D:11     | Found a staircase to the Orcish Mines.
 13816 | D:12     | Noticed Rupert
 13817 | D:12     | Paralysed by Rupert for 7 turns
 13847 | D:12     | Paralysed by Rupert for 6 turns
 13853 | D:12     | Killed Rupert
 13853 | D:12     | Received a gift from Okawaru
 13853 | D:12     | Received a gift from Okawaru
 14540 | D:12     | Identified a scroll of acquirement
 14540 | D:12     | Acquired 440 gold pieces
 14601 | D:12     | Found a stormy altar of Qazlal.
 14956 | D:13     | Noticed a wolf spider
 14956 | D:13     | Noticed a deep elf mage
 14961 | D:13     | Noticed a green ugly thing
 14964 | D:13     | Killed a wolf spider
 14972 | D:13     | Noticed a purple ugly thing
 14978 | D:13     | Killed a deep elf mage
 14978 | D:13     | Gained mutation: You are somewhat able to resist unholy
                  | torments (1 in 2 success). [demonic ancestry]
 14978 | D:13     | Reached XP level 12. HP: 41/91 MP: 10/18
 15020 | D:13     | Noticed Snorg
 15028 | D:13     | Killed Snorg
 15028 | D:13     | Reached skill level 12 in Long Blades
 15671 | D:13     | Found Zimim's Gadget Emporium.
 15676 | D:13     | Bought a wand of clouds (3) for 378 gold pieces
 15756 | D:13     | Noticed a death knight
 15767 | D:13     | Killed a death knight
 15785 | D:13     | Noticed a death knight
 15787 | D:13     | Received a gift from Okawaru
 15805 | D:13     | Killed a death knight
 16098 | D:13     | Reached ****** piety under Okawaru
 16216 | D:13     | Noticed an eight-headed hydra
 16225 | D:13     | Killed a five-headed hydra
 16225 | D:13     | Reached skill level 10 in Invocations
 16545 | D:13     | Received a gift from Okawaru
 16545 | D:13     | Reached skill level 13 in Long Blades
 16798 | D:14     | Gained mutation: You have a pair of antennae on your head.
                  | [demonic ancestry]
 16798 | D:14     | Reached XP level 13. HP: 99/99 MP: 12/20
 16951 | D:14     | Found a shattered altar of Ashenzari.
 17079 | D:14     | Found a gate to the Vaults.
 17700 | D:15     | Entered Level 15 of the Dungeon
 18039 | D:15     | Found an iron altar of Okawaru.
 18076 | D:15     | Received a gift from Okawaru
 18261 | D:15     | Found a radiant altar of Vehumet.
 18539 | D:15     | Noticed a fire dragon
 18557 | D:15     | Killed a fire dragon
 18864 | D:15     | Found a staircase to the Depths.
 18871 | D:15     | Reached skill level 14 in Long Blades
 19321 | Orc:1    | Entered Level 1 of the Orcish Mines
 19321 | Orc:1    | Noticed a stone giant
 19333 | Orc:1    | Killed a stone giant
 19773 | Orc:1    | Got a bloodstained hat
 19784 | Orc:1    | Identified the +1 hat of Guibocw {Str+5} (You found it on
                  | level 1 of the Orcish Mines)
 19862 | Orc:1    | Noticed Josephine
 20460 | Orc:1    | Killed Josephine
 20460 | Orc:1    | Gained mutation: A demonic guardian rushes to your aid.
                  | [demonic ancestry]
 20460 | Orc:1    | Reached XP level 14. HP: 80/109 MP: 22/22
 20602 | Orc:1    | Noticed tensugalgo's ghost (journeyman TeBe)
 20603 | Orc:1    | Found a runed translucent gate.
 20604 | Orc:1    | Found a runed translucent gate.
 20605 | Orc:1    | Found a runed translucent gate.
 20651 | Orc:1    | Killed tensugalgo's ghost
 20873 | Orc:2    | Entered Level 2 of the Orcish Mines
 20877 | Orc:2    | Received a gift from Okawaru
 20987 | Orc:2    | Found a roughly hewn altar of Beogh.
 20999 | Orc:2    | Found Hucaimey's Jewellery Emporium.
 21015 | Orc:2    | Bought the ring "Ynkag" {rElec Str+6 Int-4 SInv Stlth-} for
                  | 508 gold pieces
 21057 | Orc:2    | Found Kische's Book Shoppe.
 21766 | Orc:2    | Reached skill level 10 in Fighting
 22081 | Orc:2    | Found a staircase to the Elven Halls.
 22430 | Orc:2    | Found a roughly hewn altar of Beogh.
 22444 | Orc:2    | Found Ynubrisa's Armour Shoppe.
 22589 | Orc:2    | Noticed an orc warlord
 22611 | Orc:2    | Killed an orc warlord
 22611 | Orc:2    | Reached skill level 10 in Evocations
 22851 | Orc:2    | Found Ywnabu's Distillery.
 22890 | Orc:2    | Bought a potion of curing for 48 gold pieces
 22890 | Orc:2    | Bought a potion of heal wounds for 80 gold pieces
 22890 | Orc:2    | Bought a potion of curing for 48 gold pieces
 22890 | Orc:2    | Bought 2 potions of heal wounds for 160 gold pieces
 23091 | Elf:1    | Entered Level 1 of the Elven Halls
 23224 | Elf:1    | You fall into a shaft and drop 1 floor!
 23260 | Elf:2    | HP: 3/110 [+2 long sword of holy wrath (22)]
 23266 | Elf:2    | Received a gift from Okawaru
 23432 | Elf:2    | Reached skill level 15 in Long Blades
 23433 | Elf:2    | Found a huge runed translucent gate.
 23433 | Elf:2    | Found a huge runed translucent gate.
 23433 | Elf:2    | Found a huge runed translucent gate.
 23434 | Elf:2    | Found a huge runed translucent gate.
 23435 | Elf:2    | Found a huge runed translucent gate.
 23464 | Elf:2    | Noticed a deep elf blademaster
 23473 | Elf:2    | Mangled by a deep elf blademaster

Illustrated notes

Levels and vault maps discovered:
D:1:      lordsloth_arrival_two_stooges, layout_basic
D:2:      layout_basic, lemuel_blue_sif_altar, uniq_robin
D:3:      layout_basic
D:4:      layout_basic, ebering_ghost_sewer_f, serial_glass, glass_columns_b,
          glass_columns_b, glass_columns_a, glass_columns_b, glass_columns_a,
          glass_columns_a, glass_columns_a, glass_columns_b, glass_columns_b,
          glass_columns_c, glass_columns_b, glass_columns_a, glass_columns_b,
          glass_columns_b
D:5:      layout_rooms, portal_sewer_entry_a, first_ration, serial_shops, shop
D:6:      layout_basic, minmay_temple_entry_wispy, uniq_prince_ribbit1,
          uniq_duvessa, uniq_blork_the_orc
D:7:      layout_basic, nicolae_ossuary_entry_plus
D:8:      layout_loops_corners, serial_shops, shop, shop
D:9:      layout_roguey, serial_shops, nicolae_shop_window_shopping
D:10:     layout_basic, erik_lair_island, basic_altar, grunt_tengu_nest,
          nicolae_straight_to_the_point, uniq_grum
D:11:     layout_roguey, orc_0_dummy, uniq_psyche
D:12:     layout_stronghold, basic_altar, pond, uniq_rupert
D:13:     layout_loops_corners, serial_shops, kennysheep_little_box,
          minmay_fractal_squares_diagonal_5, uniq_snorg
D:14:     layout_roguey, erik_vaults_1, basic_altar
D:15:     grunt_enter_depths_snipers, layout_irregular_city,
          nicolae_water_bricks, basic_altar, okawaru_ov_weapons_minmay
Temple:   grunt_wide_crystal_templ
Orc:1:    layout_caves, gammafunk_ghost_necromancy, hangedman_minor_magic,
          uniq_josephine
Orc:2:    pubby_orc_utopia, serial_shops
Elf:1:    layout_gridlike, basic_altar, minivault_28
Elf:2:    layout_gridlike, serial_shops, shop, uniq_roxanne

Skill      XL: |  1  2  3  4  5  6  7  8  9 10 11 12 13 14 |
---------------+-------------------------------------------+-----
Long Blades    | 3 4 5 6 8 9 10 11 13 14 15 | 15.0
Dodging        | 3 4 5 6 7 |  7.8
Armour         | 1 2 3 4 5 6 7 |  7.0
Fighting       | 3 4 5 6 7 8 9 10 | 10.4
Evocations     | 2 4 5 6 8 9 10 | 10.3
Invocations    | 1 5 7 9 10 11 12 | 12.6
Throwing       | 2 |  2.1

Action                   |  1- 3 |  4- 6 |  7- 9 | 10-12 | 13-15 || total
-------------------------+-------+-------+-------+-------+-------++-------
Melee: Long sword        |   106 |    41 |       |       |       ||   147
       Great sword       |       |    82 |   316 |   471 |   565 ||  1434
       Kick              |       |       |    90 |   193 |   280 ||   563
Throw: Throwing net      |       |     3 |       |       |       ||     3
       Dart              |       |       |    10 |     1 |       ||    11
       Javelin           |       |       |       |     2 |       ||     2
Invok: Heroism           |       |       |     1 |    12 |     8 ||    21
       Finesse           |       |       |       |     3 |     8 ||    11
Evoke: Wand              |       |       |     8 |    23 |    27 ||    58
       Phantom mirror    |       |       |       |     1 |       ||     1
  Use: Scroll            |     1 |     9 |    10 |     9 |    13 ||    42
       Potion            |     1 |     4 |    13 |     6 |     9 ||    33
 Stab: Distracted        |       |       |     2 |     4 |     1 ||     7
       Confused          |       |       |       |     5 |       ||     5
       Invisible         |       |       |       |     1 |     2 ||     3
  Eat: Chunk             |     4 |     6 |    18 |    22 |    23 ||    73
       Ration            |       |       |       |     1 |       ||     1
Armor: Leather armour    |     9 |       |       |       |       ||     9
       Ring mail         |    41 |    49 |   143 |    52 |       ||   285
       Skin              |       |       |     6 |       |       ||     6
       Scale mail        |       |       |       |    46 |       ||    46
       Troll leather arm |       |       |       |    47 |   180 ||   227
Dodge: Dodged            |   102 |   106 |   342 |   477 |   676 ||  1703
       Rpst.: Long sword |    30 |     9 |       |       |       ||    39
       Great sword       |       |    22 |   104 |   131 |   166 ||   423
